 Dungeon Crawl Stone Soup version 0.26-a0-810-ge1a9524b62 (webtiles) character file.

Game seed: 3181979520863693700

1351 mandarbmax the Grappler (level 8, -3/79 HPs)
             Began as a Troll Transmuter on Nov 13, 2020.
             Was a Believer of Qazlal.
             Slain by a yak (14 damage)
             ... on level 6 of the Dungeon.
             The game lasted 00:09:34 (2595 turns).

mandarbmax the Grappler (Troll Transmuter)          Turns: 2595, Time: 00:09:36

Health: -3/79      AC:  7    Str: 19    XL:     8   Next: 36%
Magic:  7/10       EV: 10    Int: 11    God:    Qazlal [**....]
Gold:   122        SH:  2    Dex: 10    Spells: 8/11 levels left

rFire    + . .     SeeInvis .     - Unarmed
rCold    . . .     Faith    .   (no shield)
rNeg     . . .     Spirit   .   a - +1 robe
rPois    .         Reflect  .   (helmet restricted)
rElec    .         Harm     .   (no cloak)
rCorr    .         Rampage  .   (gloves unavailable)
MR       +....                  (boots unavailable)
Stlth    +.........             (no amulet)
HPRegen  0.63/turn              g - ring of protection from magic
MPRegen  0.12/turn              k - ring of protection from fire

@: wereblooded (expiring)
A: large, unfitting armour, claws 3, regeneration 1, shaggy fur 1, tough skin 3
a: Upheaval, Renounce Religion


You were on level 6 of the Dungeon.
You worshipped Qazlal.
Qazlal was pleased with you.
You visited 1 branch of the dungeon, and saw 5 of its levels.

You collected 122 gold pieces.

Inventory:

Missiles
 b - 3 curare-tipped darts
 c - 16 poisoned darts (quivered)
 n - 6 boomerangs
Armour
 a - a +1 robe (worn)
Jewellery
 g - a ring of protection from magic (left claw)
 k - a ring of protection from fire (right claw)
Wands
 o - a wand of disintegration (8)
Scrolls
 f - 2 scrolls of remove curse
 m - a scroll of magic mapping
Potions
 d - a potion of brilliance {unknown}
 e - a potion of resistance
 h - a potion of haste
 i - a potion of flight {unknown}


   Skills:
 + Level 4.5 Fighting
 - Level 2.0 Dodging
 * Level 8.5 Unarmed Combat
 - Level 2.0 Spellcasting
 - Level 2.0 Transmutations


You had 8 spell levels left.
You knew the following spells:

 Your Spells              Type           Power        Failure   Level
a - Beastly Appendage     Tmut           #.....       13%         1
b - Wereblood             Tmut           #.......     19%         2

Your spell library contained the following spells:

 Spells                   Type           Power        Failure   Level
 Spider Form              Tmut/Pois      #.........   50%         3
 Ice Form                 Ice/Tmut       #.......     88%         4
 Blade Hands              Tmut           #.........   98%         5


Dungeon Overview and Level Annotations

Branches:
Dungeon (4/15)
 Temple: D:4-7

Altars:
Ashenzari
Dithmenos
Gozag
Hepliaklqana
Qazlal
Sif Muna
Xom
Zin


Innate Abilities, Weirdness & Mutations

You are too large for most types of armour.
You have claws for hands.
Your natural rate of healing is unusually fast.
You are covered in fur. (AC +1)
You have extremely tough skin. (AC +3)


Message History

Qazlal accepts your kill.
You howl as the wereblood boils in your veins!
Your horns disappear.
Your talons disappear.
You scratch the yak.
The yak is almost dead.
The yak gores you!
* * * LOW HITPOINT WARNING * * *
Unknown command.
You feel better. The yak gores you!
* * * LOW HITPOINT WARNING * * *
You howl as the wereblood boils in your veins!
Your primal bloodlust is almost over.
You howl as the wereblood boils in your veins!
Throwing (i - inventory. (/) - cycle)
c - 17 poisoned darts (quivered)
Press: ? - help, Shift-Dir - straight line, f - yak
Aim: a yak (almost dead)
You throw a poisoned dart. The poisoned dart hits the yak.
The yak is poisoned.
The yak is almost dead.
The yak gores you!
You die...

#.....# #.##..##
##########################.##....
...........................##..#.
##############################.#.
# #.. ...^...... # #.# ######.##
# #.# #.# # #@#############.# #
#Y#.............# #
#.#.############# # ##### #.#.# #
......##†#.########
......†...........>
......##.########## ....) .....
...........#


You could see a yak (poisoned).

Vanquished Creatures
  Sigmund (D:2)
  5 yaks (D:6)
  A sky beast (D:6)
  An ogre (D:4)
  2 hounds (D:6)
  2 worker ants
  A hound skeleton (D:6)
  7 adders
  2 oozes
  4 worms (D:2)
  3 dart slugs
  3 leopard geckos
  12 orcs
  4 giant cockroaches
  8 goblins
  5 hobgoblins
  16 jackals
  2 quokkas
  7 bats
  7 frilled lizards
  5 kobolds
  A leopard gecko skeleton (D:4)
  7 rats
106 creatures vanquished.

Notes
Turn   | Place    | Note
-------+----------+-------------------------------------------
     0 | D:1      | mandarbmax the Troll Transmuter began the quest for the
                  | Orb.
     0 | D:1      | Reached XP level 1. HP: 18/18 MP: 1/1
    45 | D:1      | Reached skill level 1 in Fighting
   109 | D:1      | Reached XP level 2. HP: 25/27 MP: 0/3
   182 | D:1      | Learned a level 2 spell: Wereblood
   580 | D:2      | Reached XP level 3. HP: 33/33 MP: 0/4
   629 | D:2      | Noticed Sigmund
   644 | D:2      | Killed Sigmund
   644 | D:2      | Reached skill level 4 in Unarmed Combat
   644 | D:2      | Reached XP level 4. HP: 11/42 MP: 1/6
   644 | D:2      | Reached XP level 5. HP: 13/49 MP: 1/7
  1020 | D:2      | Found a stormy altar of Qazlal.
  1028 | D:2      | Became a worshipper of Qazlal Stormbringer
  1235 | D:2      | Found a shadowy altar of Dithmenos.
  1236 | D:2      | Found an opulent altar of Gozag.
  1453 | D:3      | Reached skill level 5 in Unarmed Combat
  1456 | D:3      | Reached * piety under Qazlal
  1556 | D:3      | Reached XP level 6. HP: 58/58 MP: 4/8
  1614 | D:3      | Found a hazy altar of Hepliaklqana.
  1771 | D:3      | Found a shimmering blue altar of Sif Muna.
  1802 | D:3      | Noticed an angel
  1803 | D:3      | Found a shimmering altar of Xom.
  1803 | D:3      | Found a glowing silver altar of Zin.
  2306 | D:4      | Found a broken altar of Ashenzari.
  2345 | D:4      | Reached ** piety under Qazlal
  2435 | D:4      | You fall into a shaft and drop 2 floors!
  2442 | D:6      | Reached skill level 6 in Unarmed Combat
  2519 | D:6      | Reached XP level 7. HP: 61/67 MP: 9/9
  2544 | D:6      | Noticed a yak
  2545 | D:6      | Noticed a yak
  2545 | D:6      | Noticed a yak
  2546 | D:6      | Noticed a yak
  2547 | D:6      | Noticed a yak
  2547 | D:6      | Noticed a yak
  2552 | D:6      | Killed a yak
  2558 | D:6      | Killed a yak
  2558 | D:6      | Reached skill level 7 in Unarmed Combat
  2565 | D:6      | Killed a yak
  2565 | D:6      | Reached XP level 8. HP: 58/78 MP: 7/10
  2569 | D:6      | Reached skill level 8 in Unarmed Combat
  2595 | D:6      | Slain by a yak

Illustrated notes

Levels and vault maps discovered:
D:1:      giann_bridges, layout_rooms, serial_glass, glass_columns_b,
          glass_columns_a
D:2:      layout_rooms, old_standard_altar, gammafunk_temple_overflow_statue,
          uniq_sigmund
D:3:      layout_rooms, grunt_temple_overflow_order_and_chaos_1, led_sif_pool,
          nicolae_overflow_crystal_walls
D:4:      layout_basic, okawaru_altar_gauntlet_db, evilmike_ruin_ashenzari,
          minmay_misc_feat_tiny
D:6:      layout_basic, fedhas_altar_1, uniq_grinder

Skill      XL: |  1  2  3  4  5  6  7  8 |
---------------+-------------------------+-----
Fighting       | 1 2 3 4 |  4.5
Dodging        | 2 |  2.0
Spellcasting   | 2 |  2.0
Transmutations | 2 |  2.0
Unarmed Combat | 4 5 6 7 8 |  8.5

Action                   |  1- 3 |  4- 6 |  7- 9 || total
-------------------------+-------+-------+-------++-------
Melee: Unarmed           |    65 |   163 |    36 ||   264
       Kick              |     6 |    22 |    15 ||    43
       Headbutt          |     3 |    15 |    10 ||    28
       Punch             |       |     1 |       ||     1
Throw: Dart              |     3 |    11 |     1 ||    15
 Cast: Beastly Appendage |    13 |    36 |     3 ||    52
       Wereblood         |     3 |    14 |     2 ||    19
  Use: Potion            |     1 |       |     2 ||     3
       Scroll            |       |    12 |       ||    12
 Stab: Sleeping          |     1 |       |       ||     1
Armor: Robe              |    25 |    53 |    10 ||    88
Dodge: Dodged            |    41 |    76 |     9 ||   126
Block: Other             |       |     6 |     1 ||     7

Table legend: (Time is in decaauts)
 A = Elapsed time spent in this place.
 B = Non-inter-level travel time spent in this place.
 C = Inter-level travel time spent in this place.
 D = Time resting spent in this place.
 E = Time spent auto-exploring this place.
 F = Levels seen in this place.
 G = Mean time per level.
                   A        B        C        D        E       F      G
               +--------+--------+--------+--------+--------+-----+--------+
         Total |   2573 |   2483 |     90 |    191 |   1665 |   5 |  514.6 |
       Dungeon |   2573 |   2483 |     90 |    191 |   1665 |   5 |  514.6 |
               +--------+--------+--------+--------+--------+-----+--------+

Top non-repeatable levels by time:
     D:1: 729 daAuts
     D:2: 713 daAuts
     D:3: 511 daAuts
     D:4: 465 daAuts
     D:6: 152 daAuts
